 Dungeon Sprint DCSS version 0.19-a0-1740-g0bcaf2e (webtiles) character file.

6281 George the Demonic Aeon (level 10, -8/90 HPs)
             Began as a Demonspawn Gladiator on Sept 30, 2016.
             Was the Champion of Cheibriados.
             Killed by divine providence
             ... invoked by an orc high priest
              (11 damage)
             ... in the Dungeon (Sprint IX: "|||||||||||||||||||||||||||||") on Oct 1, 2016.
             The game lasted 00:07:58 (1408 turns).

George the Demonic Aeon (Demonspawn Gladiator)      Turns: 1408, Time: 00:07:59

Health: -8/90      AC: 16    Str: 30    XL:     10   Next: 63%
Magic:  0/21       EV: 26    Int: 30    God:    Cheibriados [******]
Gold:   664        SH:  0    Dex: 32    Spells: 0 memorised, 9 levels left

rFire  . . .     SeeInvis .     p - +0 lajatang
rCold  . . .     Gourm    .     q - +1 scale mail
rNeg   . . .     Faith    .     (shield currently unavailable)
rPois  .         Spirit   +     o - +0 helmet
rElec  .         Dismiss  .     c - +0 cloak
rCorr  .         Reflect  .     y - +0 pair of gloves
MR     .....     Harm     .     w - +0 pair of boots
Stlth  +......... NoTele   +    (no amulet)
                                r - +2 ring of evasion
                                b - +2 ring of protection

@: brilliant, very slow
A: talons 1, spiny 1, magic shield, magic regeneration
a: Bend Time, Temporal Distortion, Slouch, Step From Time, Renounce Religion


You were in the Dungeon.
You worshipped Cheibriados.
Cheibriados was exalted by your worship.
You were not hungry.

You visited 1 branch You collected 664 gold pieces.

Inventory:

Hand Weapons
 p - a +0 lajatang (weapon)
Missiles
 d - 3 throwing nets (quivered)
Armour
 c - a +0 cloak (worn)
 o - a +0 helmet (worn)
 q - a +1 scale mail (worn)
 w - a +0 pair of boots (worn)
 y - a +0 pair of gloves (worn)
Jewellery
 b - a +2 ring of protection (left hand)
 r - a +2 ring of evasion (right hand)
Wands
 n - a wand of acid (7/15)
 A - a wand of acid (4/15)
Scrolls
 k - 3 scrolls of blinking
 l - 3 scrolls of remove curse
 m - 2 scrolls of amnesia
 s - 4 scrolls of enchant weapon
 t - a scroll of fog
 u - a scroll of identify
Potions
 e - 6 potions of curing
 g - 3 potions of heal wounds
 h - a potion of brilliance
 i - 4 potions of magic
 j - a potion of invisibility
Comestibles
 a - 2 chunks of flesh
 f - 13 bread rations
 x - 40 fruits
 z - 12 meat rations


   Skills:
 + Level 12.3 Fighting
 + Level 11.7 Staves
 - Level 3.4 Throwing
 + Level 6.9 Armour
 + Level 11.6 Dodging
 + Level 14.7 Invocations


You had 9 spell levels left.
You didn't know any spells.

Dungeon Overview and Level Annotations

Branches:
Dungeon (1/1)

Altars:
Cheibriados
Dithmenos
Elyvilon
Fedhas
Gozag
Hepliaklqana
Kikubaaqudgha
Makhleb
Nemelex Xobeh
Okawaru
Qazlal
Ru
Sif Muna
Trog
Uskayaw
Vehumet
Xom
Yredelemnul
Zin
The Shining One
Beogh
Jiyva
Lugonu

Annotations:
D Maurice


Innate Abilities, Weirdness & Mutations

You have sharp toenails.
You are partially covered in sharp spines.
When hurt, damage is shared between your health and your magic reserves.
You regenerate magic rapidly.


Message History

Cheibriados rebukes the orc knight.
The orc knight seems to slow down.
You feel slightly more hungry.
The orc warrior no longer looks unusually strong.
The orc knight no longer looks unusually strong.
The orc warrior misses you.
The orc knight roars a battlecry!
The orcs go into a battle-frenzy!
You hit the orc knight.
The orc knight is almost dead.
The orc knight hits you from afar with an enchanted bardiche!!!
* * * LOW HITPOINT WARNING * * *
You feel clever all of a sudden.
The orc warrior no longer looks unusually strong.
The orc warrior misses you.
The orc knight is struck by your spines.
You kill the orc knight!
Cheibriados appreciates the change of pace.
The orc high priest invokes the aid of Beogh against you.
Beogh smites you!
You die...

▓)▓.▓÷▓.▓_▓
▓)▓.▓.▓.▓_▓
▓.▓.▓.▓.▓_▓
▓.▓.▓.▓.▓_▓
▓.▓.▓.▓.▓_▓
▓.▓.▓.▓.▓_▓
▓o▓.▓.▓.▓_▓
▓)▓.▓.▓.▓_▓
▓@▓.▓†▓.▓_▓
▓o▓.▓.▓.▓_▓
▓o▓.▓†▓.▓_▓
▓o▓.▓.▓.▓_▓
▓o▓.▓.▓.▓_▓
▓o▓.▓.▓.▓_▓
▓o▓.▓.▓.▓_▓
▓o▓.▓.▓.▓_▓
▓.▓.▓.▓_▓


You could see an orc knight, an orc high priest, 5 orc warriors and an orc
wizard.

Vanquished Creatures
  Erolcha (D)
  A centaur warrior (D)
  An orc knight (D)
  A spiny frog (D)
  A rime drake (D)
  A komodo dragon (D)
  4 polar bears (D)
  2 blink frogs (D)
  A yak (D)
  A wraith (D)
  A hungry ghost (D)
  2 water moccasins (D)
  2 porcupines (D)
  4 black bears (D)
  2 orc warriors (D)
  An ice beast (D)
  An ogre (D)
  A wolf (D)
  A centaur (D)
  2 crocodiles (D)
  4 bullfrogs (D)
  A scorpion (D)
  5 orc priests (D)
  4 orc wizards (D)
  2 iguanas (D)
  2 worker ants (D)
  A gnoll (D)
  A river rat (D)
  An adder zombie (D)
  4 orcs (D)
  A bat (D)
  A giant cockroach (D)
  A goblin (D)
  A frilled lizard (D)
  A giant cockroach zombie (D)
  A leopard gecko skeleton (D)
  2 rats (D)
64 creatures vanquished.

Notes
Turn   | Place    | Note
-------+----------+-------------------------------------------
     0 | D        | George the Demonspawn Gladiator began the quest for the Orb.
     0 | D        | Reached XP level 1. HP: 16/16 MP: 1/1
    26 | D        | Noticed a worker ant
    32 | D        | Killed a worker ant
    32 | D        | Gained mutation: You have sharp toenails. [demonic ancestry]
    32 | D        | Reached XP level 2. HP: 24/24 MP: 2/2
    32 | D        | Reached XP level 3. HP: 29/29 MP: 3/3
    53 | D        | Found a roughly hewn altar of Beogh.
    53 | D        | Found a snail-covered altar of Cheibriados.
    53 | D        | Found a shadowy altar of Dithmenos.
    53 | D        | Found a white marble altar of Elyvilon.
    53 | D        | Found a blossoming altar of Fedhas.
    53 | D        | Found an opulent altar of Gozag.
    54 | D        | Found a hazy altar of Hepliaklqana.
    55 | D        | Found a viscous altar of Jiyva.
    56 | D        | Found an ancient bone altar of Kikubaaqudgha.
    57 | D        | Became a worshipper of Cheibriados the Contemplative
    58 | D        | Found a corrupted altar of Lugonu.
    59 | D        | Found a burning altar of Makhleb.
    60 | D        | Found a sparkling altar of Nemelex Xobeh.
    61 | D        | Found an iron altar of Okawaru.
    62 | D        | Found a stormy altar of Qazlal.
    63 | D        | Found a sacrificial altar of Ru.
    64 | D        | Found a deep blue altar of Sif Muna.
    65 | D        | Found a bloodstained altar of Trog.
    66 | D        | Found a hide-covered altar of Uskayaw.
    67 | D        | Found a radiant altar of Vehumet.
    68 | D        | Found a shimmering altar of Xom.
    69 | D        | Found a basalt altar of Yredelemnul.
    70 | D        | Found a glowing silver altar of Zin.
    71 | D        | Found a glowing golden altar of the Shining One.
   136 | D        | Noticed a bullfrog
   136 | D        | Noticed a crocodile
   136 | D        | Noticed an ogre
   136 | D        | Noticed a hungry ghost
   142 | D        | Reached skill level 2 in Invocations
   142 | D        | Reached XP level 4. HP: 34/37 MP: 3/5
   144 | D        | Reached skill level 3 in Invocations
   151 | D        | Killed a bullfrog
   151 | D        | Reached * piety under Cheibriados
   151 | D        | Reached skill level 5 in Fighting
   151 | D        | Reached skill level 5 in Staves
   151 | D        | Reached skill level 5 in Dodging
   151 | D        | Reached skill level 4 in Invocations
   151 | D        | Gained mutation: When hurt, damage is shared between your health and your magic reserves. [demonic ancestry]
   151 | D        | Reached XP level 5. HP: 16/44 MP: 4/8
   156 | D        | Killed a crocodile
   156 | D        | Reached skill level 6 in Invocations
   169 | D        | Killed an ogre
   169 | D        | Reached skill level 7 in Invocations
   169 | D        | Gained mutation: You are partially covered in sharp spines. [demonic ancestry]
   169 | D        | Reached XP level 6. HP: 11/53 MP: 0/11
   175 | D        | Killed a hungry ghost
   175 | D        | Reached skill level 8 in Invocations
   426 | D        | Noticed a centaur warrior
   426 | D        | Noticed an ice beast
   426 | D        | Noticed a wraith
   432 | D        | Killed a centaur warrior
   432 | D        | Reached ** piety under Cheibriados
   432 | D        | Reached skill level 10 in Invocations
   432 | D        | Gained mutation: You regenerate magic rapidly. [demonic ancestry]
   432 | D        | Reached XP level 7. HP: 52/64 MP: 8/14
   432 | D        | Reached XP level 8. HP: 58/71 MP: 8/15
   449 | D        | Reached *** piety under Cheibriados
   458 | D        | Reached skill level 11 in Invocations
   628 | D        | Noticed a spiny frog
   628 | D        | Noticed a blink frog
   632 | D        | Reached **** piety under Cheibriados
   634 | D        | Reached skill level 10 in Fighting
   636 | D        | Noticed a komodo dragon
   642 | D        | Killed a spiny frog
   642 | D        | Reached skill level 1 in Armour
   642 | D        | Reached skill level 12 in Invocations
   646 | D        | Reached ***** piety under Cheibriados
   646 | D        | Reached XP level 9. HP: 79/79 MP: 18/18
   653 | D        | Killed a komodo dragon
   653 | D        | Reached skill level 10 in Staves
   653 | D        | Reached skill level 10 in Dodging
   669 | D        | Noticed a rime drake
   675 | D        | Reached ****** piety under Cheibriados
   679 | D        | Killed a rime drake
   679 | D        | Reached skill level 13 in Invocations
   859 | D        | Upgraded the game from 0.19-a0-1732-g0b18a7b to 0.19-a0-1740-g0bcaf2e
   861 | D        | Noticed a polar bear
   861 | D        | Noticed a polar bear
   862 | D        | Noticed a polar bear
   868 | D        | Noticed a polar bear
   870 | D        | Killed a polar bear
   870 | D        | Reached skill level 5 in Armour
   874 | D        | Killed a polar bear
   874 | D        | Reached XP level 10. HP: 87/88 MP: 20/20
   887 | D        | Reached skill level 14 in Invocations
   960 | D        | Noticed Erolcha
   971 | D        | Killed Erolcha
  1088 | D        | Noticed Maurice
  1393 | D        | Noticed an orc knight
  1393 | D        | Noticed an orc knight
  1394 | D        | Noticed an orc high priest
  1407 | D        | HP: 3/89 [orc knight/enchanted bardiche (37)]
  1408 | D        | Killed an orc knight
  1408 | D        | Killed from afar by an orc high priest

Vault maps used:
D:        linesprint

Skill      XL: |  1  2  3  4  5  6  7  8  9 10 |
---------------+-------------------------------+-----
Throwing       | 3 |  3.4
Dodging        | 3 4 5 6 8 9 10 11 | 11.6
Staves         | 3 4 5 6 8 9 10 11 | 11.7
Fighting       | 3 4 5 6 9 10 11 12 | 12.3
Invocations    | 2 4 7 10 12 13 14 | 14.7
Armour         | 2 5 6 |  6.9

Action                   |  1- 3 |  4- 6 |  7- 9 | 10-12 || total
-------------------------+-------+-------+-------+-------++-------
Melee: Quarterstaff      |    22 |       |       |       ||    22
       Lajatang          |     6 |    25 |    81 |    50 ||   162
       Kick              |     2 |     8 |    43 |     9 ||    62
Invok: Bend Time         |       |     3 |     1 |     2 ||     6
       Slouch            |       |       |       |     2 ||     2
       Temporal Distorti |       |       |       |     1 ||     1
  Use: Potion            |     1 |       |       |     1 ||     2
  Eat: Chunk             |       |     2 |     1 |     1 ||     4
Armor: Leather armour    |     5 |       |       |       ||     5
       Scale mail        |       |    11 |    15 |    12 ||    38
Dodge: Dodged            |    20 |    12 |    71 |    49 ||   152
